 Dungeon Crawl Stone Soup version 0.31-a0-746-ge8284cb111 (webtiles) character file.

Game seed: 12963080478573708717

56 Ijustatesigmund the Firebug (level 3, 0/20 HPs)
             Began as a Deep Elf Fire Elementalist on Sept 14, 2023.
             Succumbed to an adder's poison
             ... on level 2 of the Dungeon.
             The game lasted 00:01:43 (1886 turns).

Ijustatesigmund the Firebug (DEFE)                  Turns: 1886, Time: 00:01:44

Health: 0/20       AC:  2    Str:  5    XL:     3   Next: 71%
Magic:  6/10       EV: 12    Int: 21    God:
Gold:   73         SH:  0    Dex: 15    Spells: 6/9 levels left

rFire   . . .        c - +0 spear
rCold   . . .        (no shield)
rNeg    . . .        a - +0 robe
rPois   .            (no helmet)
rElec   .            (no cloak)
rCorr   +            (no gloves)
SInv    .            (no boots)
Will    .....        (no amulet)
Stlth   ++           f - ring of resist corrosion
HPRegen 0.23/turn    (no ring)
MPRegen 0.12/turn

%: no passive effects
@: mighty, lethally poisoned (0 -> -1)
A: no striking features
a: no special abilities


You were on level 2 of the Dungeon.
You visited 1 branch of the dungeon, and saw 2 of its levels.

You collected 73 gold pieces.

Inventory:

Hand Weapons
 c - a +0 spear (weapon)
 e - a +0 sling
Armour
 a - a +0 robe (worn)
Jewellery
 f - a ring of resist corrosion (left hand)
Scrolls
 d - a scroll of blinking {unknown}
 g - a scroll of identify {unknown}
 i - a scroll of brand weapon {unknown}
Potions
 b - a potion of magic
 j - a potion of invisibility {unknown}


   Skills:
 + Level 1.1 Fighting
 - Level 2.4 Dodging
 - Level 2.4 Stealth
 + Level 3.8 Spellcasting
 + Level 2.1 Conjurations
 + Level 3.8 Fire Magic


You had 6 spell levels left.
You knew the following spells:

 Your Spells              Type           Power      Damage    Failure   Level
a - Foxfire               Conj/Fire      64%        2x1d7     3%          1
b - Scorch                Fire           40%        2d6       3%          2

Your spell library contained the following spells:

 Spells                   Type           Power      Damage    Failure   Level
 Inner Flame              Hex/Fire       12%        N/A       17%         3
 Volatile Blastmotes      Fire/Tloc      24%        2d12      17%         3
 Flame Wave               Conj/Fire      16%        2d7       34%         4


Dungeon Overview and Level Annotations

Branches:
Dungeon (2/15)

Altars:


Message History

The jackal misses you. The adder barely misses you.
Casting: Foxfire (safe; 3% risk of failure)
Confirm with . or Enter, or press ? or * to list all spells.
There is not enough space to conjure foxfire!
Casting: Foxfire (safe; 3% risk of failure)
Confirm with . or Enter, or press ? or * to list all spells.
There is not enough space to conjure foxfire!
Unknown command.
Your foxfire dissipates!
The adder attacks as it pursues you! The adder bites you.
Casting: Foxfire (safe; 3% risk of failure)
Confirm with . or Enter, or press ? or * to list all spells.
You conjure some foxfire!
The adder bites you. x2
You are poisoned.
The adder poisons you!
You feel sick.
The foxfire hits the adder.
The adder is almost dead.
The adder bites you.
Casting: Foxfire (safe; 3% risk of failure)
Confirm with . or Enter, or press ? or * to list all spells.
You conjure some foxfire!
You feel sick. The adder bites you.
* * * LOW HITPOINT WARNING * * *
* * * LOW HITPOINT WARNING * * *
You feel sick.
The foxfire hits the adder.
You kill the adder!
Casting: Foxfire (safe; 3% risk of failure)
Confirm with . or Enter, or press ? or * to list all spells.
You conjure some foxfire!
* * * LOW HITPOINT WARNING * * *
You feel sick.
The jackal bites you but does no damage.
* * * LOW HITPOINT WARNING * * *
You feel sick.
The foxfire hits the jackal.
The jackal is heavily wounded.
The jackal barely misses you. The jackal bites you.
* * * LOW HITPOINT WARNING * * *
Unknown command.
It was a potion of might.
You feel very mighty all of a sudden.
You die...

#.# #.#
######.###.#
#.# #.# ##
#.# #... #.#
#.. .# #.#
##### #.#
### .# #.#
#.# .# #.#
#.# .# ..#
#.# ># #..
#.# ####.#
#.. #.##
#@hh# #..#
#.##h# ##.#
#.# .#
##.### #.#
h# .....#
#.# .#
.###.######
#.# .#
..........#
#.# .#
.....####.#
#.# .#
....)# #.#
#.#


You could see 3 jackals.

Vanquished Creatures
  2 adders (D:2)
  A worm (D:2)
  4 endoplasms
  2 giant cockroaches
  A goblin (D:1)
  3 hobgoblins
  3 kobolds
  5 quokkas
  5 ball pythons
  3 bats
  2 frilled lizards
  2 rats
33 creatures vanquished.

Vanquished Creatures (others)
  62 foxfires
62 creatures vanquished.

Grand Total: 95 creatures vanquished

Notes
Turn   | Place    | Note
-------+----------+-------------------------------------------
     0 | D:1      | Ijustatesigmund the Deep Elf Fire Elementalist began the
                  | quest for the Orb.
     0 | D:1      | Reached XP level 1. HP: 10/10 MP: 6/6
   302 | D:1      | Reached XP level 2. HP: 15/16 MP: 5/8
   305 | D:1      | Learned a level 2 spell: Scorch
  1152 | D:2      | Found a faded altar of an unknown god.
  1420 | D:2      | Reached skill level 1 in Fighting
  1420 | D:2      | Reached XP level 3. HP: 20/20 MP: 3/10
  1885 | D:2      | HP: 1/20 [jackal (1)]
  1886 | D:2      | Succumbed to an adder's poison

Illustrated notes

Levels and vault maps discovered:
D:1:      saegor_arrival_fortress, layout_loops_ring
D:2:      layout_loops_ring, basic_ecumenical_altar

Skill      XL: |  1  2 |
---------------+-------+-----
Fighting       | 1 |  1.1
Conjurations   | 2 |  2.1
Dodging        | |  2.4
Stealth        | |  2.4
Spellcasting   | |  3.8
Fire Magic     | |  3.8

Action                     || total
---------------------------++-------
  Melee: Spear             ||     7
   Cast: Foxfire           ||    46
         Scorch            ||    13
    Use: Potion            ||     1
 Armour: Robe              ||    14
  Dodge: Dodged            ||    30

Table legend: (Time is in decaauts)
 A = Elapsed time spent in this place.
 B = Non-inter-level travel time spent in this place.
 C = Inter-level travel time spent in this place.
 D = Time resting spent in this place.
 E = Time spent auto-exploring this place.
 F = Levels seen in this place.
 G = Mean time per level.
                   A        B        C        D        E       F      G
               +--------+--------+--------+--------+--------+-----+--------+
         Total |   1885 |   1869 |     16 |    125 |   1539 |   2 |  942.5 |
       Dungeon |   1885 |   1869 |     16 |    125 |   1539 |   2 |  942.5 |
               +--------+--------+--------+--------+--------+-----+--------+

Top non-repeatable levels by time:
     D:1: 1114 daAuts
     D:2: 771 daAuts
